 Dungeon Sprint DCSS version 0.22.1-2-g9c5b331383 (webtiles) character file.

4118 Groucho the Severer (level 10, -3/84 HPs)
             Began as a Naga Fighter on Nov 19, 2018.
             Was the Champion of Cheibriados.
             Slain by a freezing wraith (22 damage)
             ... in the Dungeon (Sprint VII: "The Pits").
             The game lasted 00:06:42 (1515 turns).

Groucho the Severer (Naga Fighter)                  Turns: 1515, Time: 00:06:42

Health: -3/84      AC: 20    Str: 37    XL:     10   Next: 26%
Magic:  13/18      EV:  4    Int: 23    God:    Cheibriados [******]
Gold:   0          SH: 12    Dex: 29    Spells: 9/9 levels left

rFire    . . .     SeeInvis +   x - +1 broad axe (freeze)
rCold    . . .     Gourm    .   c - +0 shield
rNeg     . . .     Faith    .   w - +3 plate armour
rPois    +         Spirit   .   v - +0 helmet
rElec    .         Reflect  .   (no cloak)
rCorr    .         Harm     .   (no gloves)
MR       +....     NoTele   +   (no barding)
Stlth    ..........             (no amulet)
HPRegen  0.24/turn              r - +3 ring of protection
MPRegen  0.16/turn              t - +3 ring of strength

@: slowed, very slow
A: large, see invisible, deformed body, poison resistance, slowness 2, slow
metabolism 1, spit poison 1, AC +3
a: Spit Poison, Bend Time, Temporal Distortion, Slouch, Step From Time, Renounce
Religion


You were in the Dungeon.
You worshipped Cheibriados.
Cheibriados was exalted by your worship.
You were hungry.

You visited 1 branch

Inventory:

Hand Weapons
 s - a +2 morningstar of protection
 x - a +1 broad axe of freezing (weapon)
Missiles
 q - 14 stones (quivered)
Armour
 c - a +0 shield (worn)
 v - a +0 helmet (worn)
 w - a +3 plate armour (worn)
Jewellery
 r - a +3 ring of protection (left hand)
 t - a +3 ring of strength (right hand)
Scrolls
 k - a scroll of blinking
 n - 3 scrolls of remove curse
 o - 5 scrolls of amnesia
 p - a scroll of summoning
Potions
 d - 4 potions of might
 e - 9 potions of curing
 g - 8 potions of heal wounds
 h - a potion of haste
 i - 4 potions of magic
 j - 3 potions of berserk rage
 m - 2 potions of invisibility
 u - a potion of agility
Comestibles
 f - 9 rations


   Skills:
 - Level 3.0 Fighting
 - Level 16.2 Axes
 + Level 11.1 Armour
 - Level 2.4 Shields
 - Level 11.0 Invocations


You had 9 spell levels left.
You didn't know any spells.
Your spell library was empty.

Dungeon Overview and Level Annotations

Branches:
Dungeon (1/1)

Altars:
Ashenzari
Cheibriados
Dithmenos
Elyvilon
Fedhas
Gozag
Hepliaklqana
Kikubaaqudgha
Makhleb
Nemelex Xobeh
Okawaru
Qazlal
Ru
Sif Muna
Trog
Uskayaw
Vehumet
Wu Jian
Xom
Yredelemnul
Zin
The Shining One
Beogh
Jiyva
Lugonu


Innate Abilities, Weirdness & Mutations

You cannot wear boots.
Your serpentine skin is tough. (AC +3)
You have supernaturally acute eyesight. (SInv)
Armour fits poorly on your strangely shaped body.
Your system is resistant to poisons. (rPois)
You cover ground very slowly.
You have a slow metabolism.
You can spit poison.


Message History

You hit the freezing wraith but do no damage.
The freezing wraith is moderately damaged.
You slice the komodo dragon!! You freeze the komodo dragon.
You kill the komodo dragon!
Cheibriados appreciates the change of pace.
Your Armour skill increases to level 11!
You block the freezing wraith's attack.
The freezing wraith hits you but does no damage.
Your plate armour prevents you from hitting the freezing wraith.
The freezing wraith is moderately damaged.
You block the freezing wraith's attack.
The freezing wraith hits you but does no damage.
The freezing wraith hits you. The freezing wraith freezes you!
* * * LOW HITPOINT WARNING * * *
The freezing wraith hits you but does no damage.
You can feel time thicken for a moment.
You feel somewhat more hungry. The freezing wraith hits you.
* * * LOW HITPOINT WARNING * * *
The freezing wraith freezes you!!
You die...

...........+
.#..#......#
...........#
####''#####
..##''##### #######
..##......# ......#
..##......# .....#
..###....## ####†..#
..# ##''## ###..@W..+
..###))).###....##+##
..##....).#....##
####......'..÷.+
####......#....#
[.###....###....# [[#
##''## ###..+
))###.÷..## ####
))##..÷.†.#


You could see a freezing wraith.

Vanquished Creatures
  A death yak (D)
  A flayed ghost (D)
  3 komodo dragons (D)
  A red devil (D)
  4 dream sheep (D)
  A shadow (D)
  A warg (D)
  A floating eye (D)
  A swamp drake (D)
  2 orc warriors (D)
  A sky beast (D)
  An ogre (D)
  A black bear (D)
  A wolf (D)
  A crimson imp (D)
  4 orc priests (D)
  A hound (D)
  An orc wizard (D)
  A gnoll shaman (D)
  A mummy (D)
  A white imp (D)
  An ufetubus (D)
  An ooze (D)
  4 orcs (D)
  A ball python (D)
  A bat (D)
  2 goblins (D)
  2 kobolds (D)
  A quokka (D)
  A rat (D)
44 creatures vanquished.

Notes
Turn   | Place    | Note
-------+----------+-------------------------------------------
     0 | D        | Groucho the Naga Fighter began the quest for the Orb.
     0 | D        | Reached XP level 1. HP: 21/21 MP: 1/1
    13 | D        | Reached skill level 4 in Axes
    45 | D        | Found a bloodstained altar of Trog.
    45 | D        | Found a deep blue altar of Sif Muna.
    45 | D        | Found a viscous altar of Jiyva.
    45 | D        | Found a hazy altar of Hepliaklqana.
    45 | D        | Found an opulent altar of Gozag.
    46 | D        | Found a glowing golden altar of the Shining One.
    46 | D        | Found a glowing silver altar of Zin.
    46 | D        | Found a basalt altar of Yredelemnul.
    46 | D        | Found a shimmering altar of Xom.
    46 | D        | Found an ornate altar of the Wu Jian Council.
    46 | D        | Found a sacrificial altar of Ru.
    46 | D        | Found a stormy altar of Qazlal.
    46 | D        | Found an iron altar of Okawaru.
    46 | D        | Found a sparkling altar of Nemelex Xobeh.
    46 | D        | Found a burning altar of Makhleb.
    46 | D        | Found a blossoming altar of Fedhas.
    46 | D        | Found a white marble altar of Elyvilon.
    46 | D        | Found a shadowy altar of Dithmenos.
    46 | D        | Found a snail-covered altar of Cheibriados.
    49 | D        | Found a corrupted altar of Lugonu.
    49 | D        | Found a radiant altar of Vehumet.
    49 | D        | Found a roughly hewn altar of Beogh.
    50 | D        | Found an ancient bone altar of Kikubaaqudgha.
    50 | D        | Found a hide-covered altar of Uskayaw.
    50 | D        | Found a shattered altar of Ashenzari.
    61 | D        | Became a worshipper of Cheibriados the Contemplative
    79 | D        | Noticed a floating eye
    81 | D        | Killed a floating eye
    81 | D        | Reached skill level 9 in Axes
    81 | D        | Reached XP level 2. HP: 28/28 MP: 2/2
    81 | D        | Reached XP level 3. HP: 34/34 MP: 3/3
    81 | D        | Reached XP level 4. HP: 42/42 MP: 4/4
    84 | D        | Reached * piety under Cheibriados
    93 | D        | Reached ** piety under Cheibriados
   100 | D        | Reached skill level 1 in Invocations
   100 | D        | Reached XP level 5. HP: 44/49 MP: 5/5
   100 | D        | Reached *** piety under Cheibriados
   101 | D        | Reached **** piety under Cheibriados
   191 | D        | Noticed a black bear
   195 | D        | Noticed a sky beast
   199 | D        | Killed a black bear
   199 | D        | Reached skill level 10 in Axes
   199 | D        | Reached skill level 5 in Invocations
   199 | D        | Noticed a wolf
   201 | D        | Noticed an ogre
   210 | D        | Killed a wolf
   210 | D        | Reached skill level 11 in Axes
   210 | D        | Reached XP level 6. HP: 46/56 MP: 2/11
   215 | D        | Killed a sky beast
   215 | D        | Reached ***** piety under Cheibriados
   219 | D        | Reached skill level 12 in Axes
   219 | D        | Reached XP level 7. HP: 38/62 MP: 3/13
   557 | D        | Reached skill level 10 in Invocations
   559 | D        | Reached ****** piety under Cheibriados
   635 | D        | Noticed a shadow
   642 | D        | Killed a shadow
   642 | D        | Reached skill level 13 in Axes
   642 | D        | Reached XP level 8. HP: 26/69 MP: 14/16
  1057 | D        | Noticed a red devil
  1060 | D        | Killed a red devil
  1060 | D        | Reached skill level 14 in Axes
  1218 | D        | Noticed a dream sheep
  1218 | D        | Noticed a dream sheep
  1218 | D        | Noticed a dream sheep
  1218 | D        | Noticed a dream sheep
  1218 | D        | Noticed a komodo dragon
  1219 | D        | Killed a dream sheep
  1219 | D        | Reached skill level 5 in Armour
  1219 | D        | Killed a dream sheep
  1219 | D        | Reached XP level 9. HP: 75/75 MP: 17/17
  1219 | D        | Reached skill level 15 in Axes
  1220 | D        | Killed a komodo dragon
  1237 | D        | Noticed a death yak
  1237 | D        | Noticed a flayed ghost
  1237 | D        | Noticed a komodo dragon
  1239 | D        | Killed a komodo dragon
  1241 | D        | Killed a death yak
  1241 | D        | Reached skill level 16 in Axes
  1242 | D        | Killed a flayed ghost
  1242 | D        | Reached skill level 10 in Armour
  1242 | D        | Reached XP level 10. HP: 79/84 MP: 8/18
  1515 | D        | Slain by a freezing wraith

Skill      XL: |  1  2  3  4  5  6  7  8  9 10 |
---------------+-------------------------------+-----
Axes           | 9 11 12 13 14 16 | 16.2
Invocations    | 1 6 8 10 11 | 11.0
Armour         | 6 10 11 | 11.1
Fighting       | |  3.0
Shields        | |  2.4

Action                   |  1- 3 |  4- 6 |  7- 9 | 10-12 || total
-------------------------+-------+-------+-------+-------++-------
Melee: War axe           |     3 |    29 |    37 |       ||    69
       Hand axe          |       |       |     6 |       ||     6
       Broad axe         |       |       |     3 |    11 ||    14
Invok: Slouch            |       |     1 |     7 |     1 ||     9
Armor: Scale mail        |     1 |     3 |       |       ||     4
       Chain mail        |       |    10 |     4 |       ||    14
       Plate armour      |       |       |     3 |    14 ||    17
Dodge: Dodged            |     1 |     5 |     4 |     5 ||    15
Block: Shield            |     2 |    12 |    22 |     8 ||    44
